 Dungeon Sprint DCSS version 0.31-a0-37-g98a128e1d9 (webtiles) character file.

Game seed: 14606922848144142356

7 sircluck the Ruffian (level 1, -8/23 HPs)
             Began as a Troll Berserker on May 15, 2023.
             Was a Follower of Trog.
             Mangled by a neqoxec (11 damage)
             ... in the Dungeon (Sprint II: "The Violet Keep of Menkaure").
             The game lasted 00:00:10 (37 turns).

sircluck the Ruffian (Troll Berserker)                Turns: 37, Time: 00:00:11

Health: -8/23      AC:  4    Str: 24      XL:     1   Next: 83%
Magic:  0/0        EV: 10    Int:  0 (3)  God:    Trog [*.....]
Gold:   243        SH:  0    Dex:  9      Spells: 0/0 levels left

rFire   . .          .
                       - Unarmed
rCold   . . .        (no shield)
rNeg    . . .        a - +0 animal skin
rPois   .            (helmet restricted)
rElec   .            (no cloak)
rCorr   .            (gloves unavailable)
SInv    .            (boots unavailable)
Will    .....        (no amulet)
Stlth   +            (no ring)
HPRegen 1.03/turn    (no ring)
MPRegen 0.07/turn

%: no teleportation
@: slowed, lost intelligence, unable to read, very slow
A: large, unfitting armour, claws 3, regeneration 1, shaggy fur 1, tough skin 1
a: Renounce Religion, Berserk


You were in the Dungeon.
You worshipped Trog.
Trog was aware of your devotion.
You visited 1 branch You collected 243 gold pieces.

Inventory:

Armour
 a - a +0 animal skin (worn)
Scrolls
 g - a scroll of blinking
Potions
 b - a potion of curing
 c - a potion of heal wounds
 d - a potion of haste
 e - 2 potions of magic
 f - a potion of berserk rage


   Skills:
 + Level 3.0 Fighting
 + Level 3.0 Dodging
 + Level 3.7 Unarmed Combat


You couldn't memorise any spells.
You didn't know any spells.
Your spell library was empty.

Dungeon Overview and Level Annotations

Branches:
Dungeon (1/1)

Altars:


Innate Abilities, Weirdness & Mutations

You are too large for most types of armour.
You have claws for hands.
Your natural rate of healing is unusually fast.
You are covered in fur. (AC +1)
You have tough skin. (AC +1)


Message History

You barely miss the worm.
The worm is heavily wounded.
You claw the worm!
You kill the worm!
Trog accepts your kill.
Your Fighting skill increases to level 3!
Your Dodging skill increases to level 3!
You see here a worm corpse.
You now have 243 gold pieces.
You see here a worm corpse.
You see here a worm corpse.
You see here a worm corpse.
You start resting.
HP restored.
You see here a worm corpse.
There is an open door, spattered with blood here.
There is a staircase leading out of the dungeon here.
You open the door. 4 neqoxecs come into view.
The neqoxec shouts! x3
Found 243 gold pieces.
You closely miss the neqoxec. The neqoxec gestures at you.
You feel dopey.
You have lost your intelligence.
Something feeds on your intellect!
The neqoxec hits you but does no damage.
The neqoxec hits you! x3
* * * LOW HITPOINT WARNING * * *
You can move again.
You are too injured to fight recklessly!
Unknown command.
You are too injured to fight recklessly!
Unknown command.
You are too injured to fight recklessly!
Unknown command.
Unknown command.
You are too injured to fight recklessly!
You are too injured to fight recklessly!
You closely miss the neqoxec. The neqoxec hits you!
You die...

+## #.##
##..#
#††## #
#'## .#
##.##3#
+.<@33#
##.##3.#
#+# .# #


You could see 4 neqoxecs.

Vanquished Creatures
  2 worms (D)
2 creatures vanquished.

Notes
Turn   | Place    | Note
-------+----------+-------------------------------------------
     0 | D        | sircluck the Troll Berserker began the quest for the Orb.
     0 | D        | Reached XP level 1. HP: 22/22 MP: 0/0
    32 | D        | Noticed a neqoxec
    32 | D        | Noticed a neqoxec
    32 | D        | Noticed a neqoxec
    32 | D        | Noticed a neqoxec
    33 | D        | Lost intelligence.
    36 | D        | HP: 1/23 [neqoxec (7)]
    37 | D        | Mangled by a neqoxec

Illustrated notes

Levels and vault maps discovered:
D:        the_violet_keep_of_menkaure [sprint2_stairs_cluster_1,
          sprint2_shoproom, sprint2_temple, sprint2_basic_supplies,
          sprint2_obstacle_6, sprint2_obstacle_5, sprint2_obstacle_2,
          sprint2_obstacle_7, sprint2_obstacle_3, sprint2_timed_cluster_1,
          sprint2_smallroom_cluster_1, sprint2_smallroom_final_cluster_1,
          sprint2_transparent_cluster_1, sprint2_second_timed_cluster_1,
          sprint2_sniper_area_1, sprint2_heavy_combat_area_1,
          sprint2_mutation_trap_area_1, sprint2_forest_area_1,
          sprint2_light_combat_area_1, sprint2_behind_water_1,
          sprint2_near_end_vault_1]

Skill      XL: |  1 |
---------------+----+-----
Fighting       | 3 |  3.0
Dodging        | 3 |  3.0
Unarmed Combat | |  3.7

Action                     || total
---------------------------++-------
  Melee: Unarmed           ||    13
         Punch             ||     1
 Armour: Animal skin       ||     1
  Dodge: Dodged            ||     5

Table legend: (Time is in decaauts)
 A = Elapsed time spent in this place.
 B = Non-inter-level travel time spent in this place.
 C = Inter-level travel time spent in this place.
 D = Time resting spent in this place.
 E = Time spent auto-exploring this place.
 F = Levels seen in this place.
 G = Mean time per level.
                   A        B        C        D        E       F      G
               +--------+--------+--------+--------+--------+-----+--------+
         Total |     36 |     36 |      0 |      5 |      1 |   1 |   36.0 |
       Dungeon |     36 |     36 |      0 |      5 |      1 |   1 |   36.0 |
               +--------+--------+--------+--------+--------+-----+--------+

Top non-repeatable levels by time:
       D: 36 daAuts
